 Dungeon Crawl Stone Soup version 0.21-a0-401-g0b6bec4 (webtiles) character file.

98 Xenofane the Poker (level 4, -1/28 HPs)
             Began as a Tengu Chaos Knight on Oct 21, 2017.
             Killed by divine providence
             ... invoked by an orc priest
              (10 damage)
             ... on level 3 of the Dungeon.
             The game lasted 00:04:55 (1430 turns).

Xenofane the Poker (Tengu Chaos Knight)             Turns: 1430, Time: 00:04:56

Health: -1/28      AC:  7    Str: 13    XL:     4   Next: 69%
Magic:  5/5        EV: 11    Int: 12    God:    Xom [*.....]
Gold:   118        SH:  0    Dex: 14    Spells: 2/3 levels left

rFire    . . .     SeeInvis .   t - +0 spear
rCold    + . .     Gourm    .   (no shield)
rNeg     . . .     Faith    .   b - +2 leather armour
rPois    .         Spirit   .   (helmet restricted)
rElec    .         Reflect  .   (no cloak)
rCorr    .         Harm     .   n - +1 pair of gloves
MR       .....                  (boots unavailable)
Stlth    +.........             (no amulet)
HPRegen  0.09/turn              i - ring of protection from cold
MPRegen  0.09/turn              p - ring of wizardry

@: no status effects
A: beak, talons 3
a: Renounce Religion


You were on level 3 of the Dungeon.
You worshipped Xom.
You were a special plaything of Xom.
You were not hungry.

You visited 1 branch of the dungeon, and saw 3 of its levels.

You collected 118 gold pieces.

Inventory:

Hand Weapons
 j - a +2 dagger of venom
 t - a +0 spear (weapon)
Missiles
 x - a tomahawk (quivered)
Armour
 b - a +2 leather armour (worn)
 d - a +0 shield
 l - a +0 scale mail
 n - a +1 pair of gloves (worn)
Jewellery
 i - a ring of protection from cold (left hand)
 o - an uncursed ring of fire
 p - a ring of wizardry (right hand)
 q - an uncursed amulet of faith {unknown}
 w - an uncursed ring of magical power {unknown}
Scrolls
 e - a scroll of enchant armour
 r - a scroll of remove curse
 v - a scroll of identify
Potions
 f - a potion of haste {unknown}
 k - a potion of curing {unknown}
 m - a potion of agility {unknown}
 s - a potion of cancellation {unknown}
Books
 u - a book of Cantrips

   Spells                             Type                      Level
   a - Confusing Touch                Hexes                        1
   b - Animate Skeleton               Necromancy                   1
   c - Summon Small Mammal            Summoning                    1
   d - Apportation                    Translocation                1
Comestibles
 a - 4 chunks of flesh
 c - 4 bread rations
 g - 5 meat rations
 h - 4 fruits


   Skills:
 * Level 3.1 Fighting
 * Level 5.7 Polearms
 - Level 2.1 Armour
 - Level 1.1 Dodging


You had 2 spell levels left.
You knew the following spells:

 Your Spells              Type           Power        Failure   Level  Hunger
a - Confusing Touch       Hex            #.....       16%         1    ##.....


Dungeon Overview and Level Annotations

Branches:
Dungeon (3/15)

Altars:


Innate Abilities, Weirdness & Mutations

You have a beak for a mouth.
You have claws for feet.


Message History

a - 4 chunks of flesh (gained 2)
The orc priest shouts!
You closely miss the orc. You peck the orc.
The orc is lightly wounded.
The orc priest looks braver for a moment.
You hit the orc.
You kill the orc!
The orc priest mumbles some strange prayers to Beogh against you.
Beogh smites you! The orc hits you but does no damage.
You hit the orc.
The orc is lightly wounded.
The orc priest mumbles some strange prayers to Beogh against you.
Pain shoots through your body! The orc closely misses you.
You hear a shout!
You are too injured to fight recklessly!
An orc comes into view.
The orc priest calls down the wrath of Beogh upon you.
Beogh smites you!
You die...
Xom titters!

###.# ############ o.#.#
#........... #o#.#
#........... ###.#.#
#...........
.#.##...#.####...........
.......[.................
# #o%.####...........
###..#.######...........
........@................
.###..###.###########....
#... #)# #....
#.....†)).....# #....
.......#.......# #....
........#......(# #...)
....... #.......# #....
..... ######### #....
.... #....


You could see an orc priest and 2 orcs.

Vanquished Creatures
  An adder (D:2)
  An ooze (D:2)
  2 dart slugs (D:1)
  A leopard gecko (D:3)
  11 orcs
  5 giant cockroaches
  8 goblins
  7 hobgoblins
  5 jackals
  3 kobolds
  2 ball pythons
  4 bats
  3 frilled lizards
  10 rats
63 creatures vanquished.

Notes
Turn   | Place    | Note
-------+----------+-------------------------------------------
     0 | D:1      | Xenofane the Tengu Chaos Knight began the quest for the Orb.
     0 | D:1      | Reached XP level 1. HP: 14/14 MP: 2/2
    90 | D:1      | XOM: harmless Air miscast
   104 | D:1      | Reached XP level 2. HP: 17/19 MP: 3/3
   134 | D:1      | Reached skill level 4 in Polearms
   392 | D:1      | XOM: silly message
   396 | D:1      | Reached XP level 3. HP: 20/23 MP: 4/4
   720 | D:2      | Reached skill level 5 in Polearms
   944 | D:2      | Reached XP level 4. HP: 25/28 MP: 5/5
  1201 | D:3      | XOM: mild Chrm miscast
  1307 | D:3      | XOM: 1-stop teleportation journey
  1323 | D:3      | XOM: mild Ice miscast
  1342 | D:3      | Learned a level 1 spell: Confusing Touch
  1398 | D:3      | XOM: smoke on damage
  1430 | D:3      | Killed from afar by an orc priest

Vault maps used:
D:1:      nicolae_arrival_memento_mori
D:2:      supply_closet_lemuel

Skill      XL: |  1  2  3 |
---------------+----------+-----
Polearms       | 4 5 |  5.7
Fighting       | |  3.1
Armour         | |  2.1
Dodging        | |  1.1

Action                   |  1- 3 |  4- 6 || total
-------------------------+-------+-------++-------
Melee: Spear             |    83 |    72 ||   155
       Kick              |    17 |    19 ||    36
       Peck              |     6 |    10 ||    16
  Use: Scroll            |     4 |     2 ||     6
 Stab: Sleeping          |     1 |     1 ||     2
  Eat: Chunk             |       |     2 ||     2
Armor: Leather armour    |    10 |    11 ||    21
Dodge: Dodged            |    37 |    38 ||    75

Table legend:
 A = Spawn XP
 B = Non-spawn XP
 C = Spawn XP percentage of total XP
 D = Spawn monster count
 E = Non-spawn monster count
 F = Spawn count percentage of total count
 G = Total turns spent on level
                    A         B        C        D         E        F      G
               +---------+---------+-------+---------+---------+-------+---------
         Total |       0 |     140 |   0.0 |       0 |      63 |   0.0 |  1430
               +---------+---------+-------+---------+---------+-------+---------
           D:1 |       0 |      34 |   0.0 |       0 |      19 |   0.0 |   454
           D:2 |       0 |      51 |   0.0 |       0 |      19 |   0.0 |   616
           D:3 |       0 |      55 |   0.0 |       0 |      25 |   0.0 |   360
               +---------+---------+-------+---------+---------+-------+---------
